 Dungeon Crawl Stone Soup version 0.20-a0-307-gd0bf4df (webtiles) character file.

724 PurpleRed the Insei (level 7, 0/52 HPs)
             Began as a Merfolk Transmuter on Dec 18, 2016.
             Splashed by a jelly's acid (10 damage)
             ... on level 5 of the Dungeon.
             The game lasted 00:15:19 (5277 turns).

PurpleRed the Insei (Merfolk Transmuter)            Turns: 5277, Time: 00:15:20

Health: 0/52       AC: -2    Str: 12    XL:     7   Next: 71%
Magic:  10/10      EV: 15    Int: 12    God:
Gold:   195        SH:  0    Dex: 15    Spells: 5/10 levels left

rFire  + . .     SeeInvis .       - Unarmed
rCold  . . .     Gourm    .     j - +2 robe {rN+}
rNeg   + . .     Faith    .     (no shield)
rPois  .         Spirit   .     (no helmet)
rElec  .         Reflect  .     v - +1 cloak
rCorr  .         Harm     .     (no gloves)
MR     .....                    (no boots)
Stlth  +.........               (no amulet)
                                (no ring)
                                w - ring of protection from fire

@: appendage (expiring), corroded, repel missiles
A: change form in water, swift swim, stealthy swim, horns 2
a: End Transformation


You were on level 5 of the Dungeon.
You were not hungry.
You had grown temporary horns.
You visited 1 branch of the dungeon, and saw 5 of its levels.

You collected 195 gold pieces.

Inventory:

Missiles
 a - 24 arrows
 f - 47 bolts
Armour
 j - a +2 robe of positive energy (worn)
 n - a +0 buckler
 v - a +1 cloak (worn)
Jewellery
 w - a ring of protection from fire (left hand)
Wands
 u - a wand of disintegration (15/24)
Scrolls
 b - a scroll of recharging
 i - a scroll of amnesia
 k - a scroll of remove curse
 q - a scroll of fog
 x - 2 scrolls of enchant armour
 y - a scroll of enchant weapon
Potions
 e - 2 potions of lignification
 g - a potion of heal wounds
 h - 2 potions of degeneration {unknown}
 m - 2 potions of haste
 o - a potion of curing
 s - a potion of cancellation
 z - 2 potions of brilliance {unknown}
 A - a potion of flight {unknown}
Books
 c - a book of Changes

   Spells                             Type                      Level
   a - Beastly Appendage              Transmutation                1
   b - Sticks to Snakes               Transmutation                2
   c - Spider Form                    Transmutation/Poison         3
   d - Ice Form                       Ice/Transmutation            4
   e - Blade Hands                    Transmutation                5
 r - a book of Air

   Spells                             Type                      Level
   a - Shock                          Conjuration/Air              1
   b - Swiftness                      Charms/Air                   2
   c - Repel Missiles                 Charms/Air                   2
   d - Static Discharge               Conjuration/Air              3
   e - Lightning Bolt                 Conjuration/Air              5
Comestibles
 d - 2 bread rations
 l - 2 meat rations
 p - 2 chunks of flesh
 t - a slice of pizza


   Skills:
 - Level 3.4 Fighting
 + Level 4.7 Dodging
 * Level 7.5 Unarmed Combat
 - Level 2.0 Spellcasting
 - Level 5.0 Transmutations


You had 5 spell levels left.
You knew the following spells:

 Your Spells              Type           Power        Failure   Level  Hunger
a - Beastly Appendage     Tmut           ##....       3%          1    ##.....
b - Sticks to Snakes      Tmut           ##......     6%          2    ###....
c - Repel Missiles        Chrm/Air       #.....       38%         2    ###....


Dungeon Overview and Level Annotations

Branches:
Dungeon (5/15)
 Temple: D:4-7

Altars:
Fedhas
Kikubaaqudgha
Makhleb
Nemelex Xobeh
Sif Muna
Trog
Xom
Zin

Shops:
D:4 *

Annotations:
D:3 Grinder


Innate Abilities, Weirdness & Mutations

You revert to your normal form in water.
You are very nimble and swift while swimming.
You are very stealthy in the water. (Stealth+)
You have a pair of horns on your head.


Message History

* * * LOW HITPOINT WARNING * * *
You punch the jelly, but do no damage.
The jelly is almost dead.
You barely miss the jelly.
The jelly is almost dead.
The jelly closely misses you.
You completely miss the jelly.
The jelly is almost dead.
Your transformation is almost over.
The jelly closely misses you.
You hit the jelly.
Your hands burn!
* * * LOW HITPOINT WARNING * * *
The jelly is almost dead.
The jelly barely misses you.
You completely miss the jelly. Your headbutt misses the jelly.
The jelly is almost dead.
The jelly hits you.
* * * LOW HITPOINT WARNING * * *
You are splashed with acid!
The acid burns!
You die...

## #. ##.# ..##. .... #.
..#.# #..# ##.. #....
#.. ... #.%### #.# ...
#....###.##.#
#.J.......# ##.
#.@##...#### #..
##.##...# #. ..
#.##...## #. ..
#.##....###.. #.
#.##.##..#...####.
#.#..# #...#...##.
#######....#.....###....
.............# #......##
###.......##### ####...#


You could see a jelly.

Vanquished Creatures
  A water moccasin (D:4)
  The ghost of KaceMono the Sneak, an amateur TeAs (D:5)
  Blork the orc (D:5)
  2 hounds
  2 orc priests
  Jessica (D:3)
  4 orc wizards
  2 worker ants (D:5)
  2 gnolls (D:5)
  7 adders
  An ooze (D:3)
  2 worms
  2 dart slugs
  7 leopard geckos
  17 orcs
  4 bats
  6 giant cockroaches
  9 goblins
  4 hobgoblins
  11 jackals
  6 kobolds
  6 quokkas
  A ball python (D:4)
  A frilled lizard (D:2)
  8 rats
108 creatures vanquished.

Vanquished Creatures (collateral kills)
  A gnoll (D:5)
1 creature vanquished.

Vanquished Creatures (others)
  An adder (D:5)
  A leopard gecko zombie (D:5)
2 creatures vanquished.

Grand Total: 111 creatures vanquished

Notes
Turn   | Place    | Note
-------+----------+-------------------------------------------
     0 | D:1      | PurpleRed the Merfolk Transmuter began the quest for the Orb.
     0 | D:1      | Reached XP level 1. HP: 15/15 MP: 3/3
    77 | D:1      | Reached XP level 2. HP: 6/21 MP: 5/5
   848 | D:2      | Found a deep blue altar of Sif Muna.
   850 | D:2      | Found a shimmering altar of Xom.
   850 | D:2      | Found a sparkling altar of Nemelex Xobeh.
   934 | D:2      | Reached skill level 4 in Unarmed Combat
   934 | D:2      | Reached XP level 3. HP: 8/27 MP: 4/6
  1549 | D:2      | Found a bloodstained altar of Trog.
  1880 | D:3      | Reached XP level 4. HP: 28/34 MP: 5/7
  1884 | D:3      | Noticed Grinder
  1963 | D:3      | Found a burning altar of Makhleb.
  1964 | D:3      | Noticed a cacodemon
  1965 | D:3      | Found a glowing silver altar of Zin.
  1966 | D:3      | Noticed an angel
  2315 | D:3      | Reached XP level 5. HP: 31/39 MP: 6/8
  2361 | D:3      | Learned a level 2 spell: Sticks to Snakes
  2421 | D:3      | Noticed Jessica
  2436 | D:3      | Killed Jessica
  2436 | D:3      | Reached skill level 5 in Unarmed Combat
  2992 | D:3      | Reached XP level 6. HP: 24/47 MP: 7/9
  3574 | D:4      | Reached skill level 5 in Transmutations
  3782 | D:4      | Learned a level 2 spell: Repel Missiles
  3832 | D:4      | Found a blossoming altar of Fedhas.
  3910 | D:4      | Found Zoceedef's Serpentskin Sales.
  3915 | D:4      | Noticed a water moccasin
  3921 | D:4      | Killed a water moccasin
  3921 | D:4      | Reached skill level 6 in Unarmed Combat
  3921 | D:4      | Reached XP level 7. HP: 46/52 MP: 10/10
  4092 | D:4      | Found an ancient bone altar of Kikubaaqudgha.
  4794 | D:5      | Entered Level 5 of the Dungeon
  4931 | D:5      | Noticed KaceMono's ghost (amateur TeAs)
  4957 | D:5      | Killed KaceMono's ghost
  4957 | D:5      | Reached skill level 7 in Unarmed Combat
  5106 | D:5      | Noticed Blork the orc
  5125 | D:5      | Killed Blork the orc
  5277 | D:5      | Splashed by a jelly's acid

Vault maps used:
D:1:      scummos_arrival_star, serial_forest, infiniplex_forest_straight_4,
          infiniplex_forest_end_3, infiniplex_forest_zigzag_1,
          infiniplex_forest_fountain, infiniplex_forest_straight_2,
          infiniplex_forest_3_way, infiniplex_forest_3_way,
          infiniplex_forest_straight_2
D:2:      grunt_temple_overflow_open, first_bread, minivault_14, trog_book
D:3:      grunt_temple_overflow_order_and_chaos_2, minmay_unequal, uniq_jessica,
          uniq_grinder
D:4:      grunt_temple_overflow_growth_and_decay, guppyfry_shop_venom
D:5:      hangedman_decor_peaks_small, st_stairs_8, lemuel_flamethrower_1,
          uniq_blork_the_orc

Skill      XL: |  1  2  3  4  5  6  7 |
---------------+----------------------+-----
Transmutations | 3 4 5 |  5.0
Unarmed Combat | 4 5 6 7 |  7.5
Fighting       | 2 3 |  3.4
Dodging        | 3 4 |  4.7
Spellcasting   | |  2.0

Action                   |  1- 3 |  4- 6 |  7- 9 || total
-------------------------+-------+-------+-------++-------
Melee: Unarmed           |   122 |   192 |    92 ||   406
       Headbutt          |    11 |    24 |    19 ||    54
       Punch             |     2 |     3 |     6 ||    11
 Cast: Beastly Appendage |    21 |    32 |    16 ||    69
       Repel Missiles    |       |     1 |       ||     1
       Sticks to Snakes  |       |       |     6 ||     6
  Use: Scroll            |       |    17 |     1 ||    18
       Potion            |       |     2 |       ||     2
 Stab: Sleeping          |     1 |     1 |       ||     2
  Eat: Chunk             |     4 |     7 |     6 ||    17
Armor: Robe              |    19 |    33 |    14 ||    66
Dodge: Dodged            |    78 |   105 |    49 ||   232
       Deflected         |       |       |     2 ||     2
